 Dungeon Crawl Stone Soup version 0.14-a0-1413-g94b8a5e (webtiles) character file.

226 Ololoev the Caller (level 4, -5/30 HPs)
             Began as a Mummy Summoner on Dec 12, 2013.
             Killed by divine providence
             ... invoked by an orc priest
              (12 damage)
             ... on Level 3 of the Dungeon.
             The game lasted 00:16:51 (3749 turns).

Ololoev the Caller (Mummy Summoner)                 Turns: 3749, Time: 00:16:51

HP  -5/30        AC  4     Str 11      XL: 4   Next: 90%
MP  11/16        EV 12     Int 15      God:
Gold 96          SH  0     Dex 12      Spells:  2 memorised,  4 levels left

rFire  x . .     SeeInvis .     o - +0,+1 orc whip
rCold  + . .     Clarity  +     j - +0 robe
rNeg   + + +     Conserve .     (no shield)
rPois  +         rCorr    .     k - +1 orc winged helmet
rElec  .         rRot     +     (no cloak)
SustAb . .       Spirit   .     (no gloves)
rMut   .         Warding  .     (no boots)
Saprov . . .     Stasis   .     n - amulet of clarity
                                (no ring)
                                a - ring of magical power

@: slightly resistant to hostile enchantments, unstealthy
A: no food or potions, fire vulnerability, restore body, cold resistance 1, life
protection 3, poison resistance, torment resistance, unbreathing
a: no special abilities


You were on level 3 of the Dungeon.
You were not hungry.

You visited 1 branch of the dungeon, and saw 3 of its levels.

You collected 96 gold pieces.

Inventory:

Hand weapons
 o - a +0,+1 orcish whip (weapon)
Missiles
 f - 64 darts (quivered)
 h - 9 exploding darts
Armour
 j - a +0 robe (worn)
 k - a +1 orcish winged helmet (worn)
Magical devices
 p - a wand of cold (8)
Scrolls
 c - a scroll of magic mapping {unknown}
 d - 2 scrolls of identify
 e - a scroll of teleportation {unknown}
 g - a scroll of amnesia {unknown}
 i - a scroll of enchant armour {unknown}
 l - 2 scrolls of remove curse {unknown}
 m - a scroll of enchant weapon II {unknown}
Jewellery
 a - a ring of magical power (left hand)
 n - an amulet of clarity (around neck)
Books
 b - a book of Callings

   Spells                             Type                      Level
   *Summon Small Mammal               Summoning                    1
   *Call Imp                          Summoning                    2
   Call Canine Familiar               Summoning                    3
   Summon Scorpions                   Summoning/Poison             4
   Summon Ice Beast                   Ice/Summoning                4


   Skills:
 - Level 1.5 Dodging
 - Level 1.5 Stealth
 - Level 2.0 Spellcasting
 * Level 5.2 Summonings


You had 4 spell levels left.
You knew the following spells:

 Your Spells              Type           Power        Failure   Level  Hunger
a - Summon Small Mammal   Summ           ###.         2%          1    N/A
b - Call Imp              Summ           ###.......   4%          2    N/A

Dungeon Overview and Level Annotations

Branches:
Dungeon (3/16)

Altars:
Xom


Innate Abilities, Weirdness & Mutations

You do not eat or drink.
Your flesh is vulnerable to fire.
Your flesh is cold resistant.
You are immune to negative energy.
Your system is resistant to poisons.
You are immune to unholy pain and torment.
You can survive without breathing.


Message History

You swap places.
The orc priest mumbles some strange prayers to Beogh against you.
Something smites you!
The orc hits your crimson imp with an orcish short sword.
Casting: Call Imp
Confirm with . or Enter, or press ? or * to list all spells.
A beastly little devil appears in a puff of flame.
Your iron imp hits the orc.
The orc dies!
The orc closely misses your crimson imp.
The orc shouts!
The orc priest invokes the aid of Beogh against you.
Something smites you!
Ouch! That really hurt!
* * * LOW HITPOINT WARNING * * *
You see here a giant gecko corpse.
The orc misses your crimson imp.
Your crimson imp barely misses the orc.
The orc priest calls down the wrath of Beogh upon you.
Something smites you!
You die...

......##.......##.#........)....%
########.......##.#...#.######..#
##.#######.#...#.# #(.. ### #.#
#.#...#.# ####)## ..# ##.#####
#>......# #...... #.######......#
####.#### #.##.##
#.........###.######.######.##.##
########.####%...................
#.#....##@##########......
#......##.####### #...###
#.###..##55.....# #...!.. #.#
#..##..####.# ##.#.##
#.###..##.o#### #.#.##
#......##.o5.5# #.....
######.###.##o# ###.## #.# #.o
.o. #.# #.# #.) ...# #.#


You could see an orc priest, 2 orcs, a friendly iron imp and 2 friendly crimson
imps.

Vanquished Creatures
  Ijyb (D:2)
  2 giant mites
  An orc (D:3)
  4 giant cockroaches
  5 goblins
  6 hobgoblins
  3 kobolds (D:2)
  6 bats
  2 giant geckos
  5 giant newts
  4 rats
39 creatures vanquished.

Vanquished Creatures (collateral kills)
  The ghost of Ololoev the Caller, an average DsSu (D:3)
  2 adders
  An orc (D:3)
  A ball python (D:2)
  A goblin (D:1)
  4 hobgoblins (D:1)
  4 jackals (D:1)
  3 giant cockroaches (D:1)
  A kobold (D:1)
18 creatures vanquished.

Vanquished Creatures (others)
  A white imp (D:2)
  A goblin (D:1)
  A bat (D:1)
3 creatures vanquished.

Grand Total: 60 creatures vanquished

Notes
Turn   | Place    | Note
--------------------------------------------------------------
     0 | D:1      | Ololoev, the Mummy Summoner, began the quest for the Orb.
     0 | D:1      | Reached XP level 1. HP: 13/13 MP: 3/3
   804 | D:1      | Reached XP level 2. HP: 19/19 MP: 4/4
   821 | D:1      | Learned a level 2 spell: Call Imp
  1491 | D:1      | Found a shimmering altar of Xom.
  1603 | D:1      | Reached skill level 4 in Summonings
  1986 | D:2      | Reached XP level 3. HP: 20/24 MP: 3/6
  2172 | D:2      | Noticed Ijyb
  2187 | D:2      | Killed Ijyb
  3017 | D:3      | Reached XP level 4. HP: 12/30 MP: 5/7
  3644 | D:3      | Noticed Ololoev's ghost (average DsSu)
  3659 | D:3      | Killed Ololoev's ghost
  3659 | D:3      | Reached skill level 5 in Summonings
  3749 | D:3      | Killed from afar by an orc priest

Action                   |  1- 3 |  4- 6 || total
-------------------------+-------+-------++-------
Melee: Unarmed           |   138 |       ||   138
       Short sword       |    35 |       ||    35
       Whip              |    32 |    35 ||    67
Throw: Dart              |   100 |    23 ||   123
 Cast: Summon Small Mamm |    12 |       ||    12
       Call Imp          |    13 |     6 ||    19
Evoke: Wand              |       |     1 ||     1
  Use: Scroll            |       |     1 ||     1
 Stab: Sleeping          |     1 |     1 ||     2
       Distracted        |     1 |       ||     1
